 Dungeon Crawl Stone Soup version 0.28-a0-674-gdaf460b524 (webtiles) character file.

Game seed: 3382362204251171830

15637 acebull12 the Thaumaturge (level 12, -3/89 HPs)
             Began as a Djinni Fire Elementalist on Oct 17, 2021.
             Was a High Priest of Dithmenos.
             Slain by a phantasmal warrior (20 damage)
             ... led by a death knight
             ... on level 12 of the Dungeon.
             The game lasted 00:44:16 (16935 turns).

acebull12 the Thaumaturge (DjFE)                   Turns: 16935, Time: 00:44:16

Health: -3/89      AC: 12    Str:  7    XL:     12   Next: 60%
Gold:   663        EV: 15    Int: 23    God:    Dithmenos [*****.] SH:  0 Dex: 15

rFire   + + +      SeeInvis .   e - +9 trident of Experimentation {vorpal, Int+2}
rCold   x . .      Faith    .   (no shield)
rNeg    . . .      Spirit   .   v - +1 steam dragon scales
rPois   ∞          Reflect  +   b - +0 helmet
rElec   .          Harm     .   j - +0 cloak
rCorr   .          Rampage  .   (no gloves)
Will    .....                   (boots unavailable)
Stlth   +.........              C - amulet of reflection
HPRegen 0.24/turn               B - +4 ring of protection
MPRegen 0.00/turn               s - ring of protection from fire

@: confused, about to teleport, weak-willed, ambrosia-drunk, flying, wreathed by
umbra, studying Maces & Flails
A: sickness immunity, fire resistance 2, cold vulnerability 1, float, innate
caster, hp casting, extra vitality 1
a: Renounce Religion, Shadow Step, Shadow Form


You were on level 12 of the Dungeon.
You worshipped Dithmenos.
Dithmenos was extremely pleased with you.
You visited 1 branch of the dungeon, and saw 12 of its levels.
You also visited: Ossuary.

You collected 663 gold pieces.

Inventory:

Hand Weapons
 e - the +9 trident of Experimentation (weapon) {vorpal, Int+2}
   (You found it on level 8 of the Dungeon)

   It inflicts extra damage upon your enemies.
   Int:       It affects your intelligence (+2).
 l - a +1 flail
 y - a +0 rapier
Missiles
 n - 222 stones
Armour
 b - a +0 helmet (worn)
 j - a +0 cloak (worn)
 v - +1 steam dragon scales (worn)
 H - a +3 plate armour
Jewellery
 s - a ring of protection from fire (right hand)
 u - a +6 ring of intelligence
 B - a +4 ring of protection (left hand)
 C - an amulet of reflection (around neck)
Wands
 t - a wand of flame (54)
 w - a wand of acid (11)
 A - a wand of polymorph (18)
 D - a wand of iceblast (10)
Scrolls
 d - 4 scrolls of identify
 g - 9 scrolls of teleportation
 k - a scroll of magic mapping {unknown}
 o - 2 scrolls of fog {unknown}
 p - a scroll of blinking {unknown}
 G - a scroll of enchant weapon
Potions
 c - 2 potions of might
 f - 3 potions of curing
 h - 2 potions of attraction {unknown}
 i - 2 potions of brilliance
 m - 3 potions of lignification
 q - 3 potions of haste
 r - 3 potions of cancellation
 x - 5 potions of ambrosia
 E - a potion of berserk rage {unknown}
 F - a potion of flight {unknown}


   Skills:
 * Level 9.0 Fighting
 + Level 4.1 Maces & Flails
 + Level 5.6 Polearms
 * Level 2.7 Armour
 - Level 6.5 Dodging
 - Level 1.6 Stealth
 + Level 3.4 Shields
 + Level 0.6 Unarmed Combat
 + Level 11.0 Spellcasting


You had 5 spell levels left.
You knew the following spells:

 Your Spells              Type           Power      Damage    Failure   Level
a - Foxfire               Conj/Fire      100%       2x1d9     1%          1
b - Scorch                Fire           100%       2d10      1%          2
c - Conjure Flame         Conj/Fire      59%        6-21      1%          3
d - Inner Flame           Hex/Fire       59%        N/A       1%          3
e - Flame Wave            Conj/Fire      59%        3d11      1%          4
f - Pain                  Necr           100%       1d9       1%          1
g - Ensorcelled Hibernat  Hex/Ice        100%       N/A       1%          2
h - Swiftness             Air            59%        N/A       1%          3
i - Olgreb's Toxic Radia  Pois           59%        N/A       1%          4
j - Summon Mana Viper     Hex/Summ       59%        N/A       1%          5
Your spell library was empty.

Dungeon Overview and Level Annotations

Branches:
Dungeon (12/15)            Temple (0/1) D:7            Lair (0/6) D:9
    Orc (0/2) D:9         Ossuary (visited)

Altars:
Dithmenos
Elyvilon

Shops:
D:3 *::   D:10 *   D:11 *

Annotations:
D:7 1 runed translucent door
D:11 1 runed translucent door, robertstho's ghost, journeyman MiBe


Innate Abilities, Weirdness & Mutations

You are immune to sickness and miasma.
You are immune to poison.
Your flesh is very heat resistant. (rF++)
You are vulnerable to cold. (rC-)
You float through the air rather than walking.
You learn spells naturally, not from books.
Your magical power is your life essence.
You have superior vitality. (+4 HP)


Message History

Confirm with . or Enter, or press ? or * to list all spells.
Casting: Flame Wave (mildly dangerous; 1% risk of failure)
Press: ? - help, Dir - look around, f - activate A wave of flame ripples out!
The flame wave engulfs the phantasmal warrior!!
The phantasmal warrior is heavily damaged. (Press . to intensify the flame waves.)
The phantasmal warrior hits you!
Your willpower is stripped away!
A wave of flame ripples out!
The flame wave engulfs the phantasmal warrior!
The phantasmal warrior is severely damaged.
The phantasmal warrior hits you!!
A wave of flame ripples out!
The flame wave engulfs the phantasmal warrior!
The phantasmal warrior is almost destroyed.
The flame wave engulfs the death knight!!
The death knight is moderately wounded.
You finish channelling waves of flame.
The phantasmal warrior completely misses you.
You hit the phantasmal warrior but do no damage.
The phantasmal warrior is almost destroyed.
Your shadow hits the phantasmal warrior but does no damage.
The phantasmal warrior hits you!
* * * LOW HITPOINT WARNING * * *
The death knight calls down the wrath of Yredelemnul upon you.
Your body is wracked with pain!
* * * LOW HITPOINT WARNING * * *
You feel much better.
The phantasmal warrior completely misses you.
Unknown command.
As you read the scroll of teleportation, it crumbles to dust.
You feel strangely unstable.
The death knight hits you with a +0 morningstar.
The phantasmal warrior hits you!
* * * LOW HITPOINT WARNING * * *
A freezing wraith comes into view.
You are confused.
You feel invigorated. The death knight barely misses you.
The phantasmal warrior hits you!!
You die...

.# #.........#
.#########.........# #..#
...................# #..#
...........#######.#####..#######
p..........# #...............
###+#......# #...............
#......# #...............
#.....W#######...............
#..........p@W...............
#..........#####'###.#'######
#..........#.......#.#......#
...............#.......#.#......#
...###########.#.......#.#......#
...# #.#.......#.#......# ...#
#.#.....#'#.#......# ...#
#.#.....#...#......# ...#
#.#.)...#...#......#


You could see a death knight, a phantasmal warrior and a freezing wraith.

Vanquished Creatures
  Snorg (D:11)
  2 two-headed ogres
  An ugly thing (D:12)
  A manticore (D:11)
  Joseph (D:7)
  A gargoyle (D:11)
  Psyche (D:9)
  A kobold demonologist (D:10)
  A queen bee (D:11)
  3 trolls
  A hornet (D:9)
  3 shadows
  16 yaks
  A wyvern (D:8)
  2 steam dragons
  11 vampire mosquitoes
  Menkaure (D:4)
  2 acid dragons
  Duvessa (D:7)
  A water moccasin (D:9)
  2 sky beasts
  An orc warrior (D:10)
  2 ice beasts
  2 ogres
  A necrophage (D:5)
  5 wolves
  5 centaurs
  A phantom (D:7)
  A bullfrog (D:7)
  9 scorpions
  Dowan (D:7)
  7 wights
  37 killer bees
  3 howler monkeys
  5 electric eels
  A human zombie (Ossuary)
  4 centaur zombies
  A bullfrog zombie (D:6)
  A jelly (D:4)
  3 hounds
  2 iguanas (D:5)
  5 orc priests
  A bullfrog skeleton (D:4)
  2 gnoll shamans (D:8)
  8 orc wizards
  3 mummies (Ossuary)
  A hound skeleton (D:4)
  A howler monkey zombie (D:7)
  6 gnolls (D:8)
  7 adders
  A shadow imp (D:5)
  A white imp (D:6)
  An ufetubus (D:4)
  An adder skeleton (D:4)
  2 worms
  2 dart slugs (D:3)
  21 orcs
  7 ball pythons
  4 endoplasms
  5 giant cockroaches
  5 hobgoblins
  6 kobolds
  10 quokkas
  4 bats
  5 frilled lizards
  8 goblins
  2 goblin zombies (Ossuary)
  4 hobgoblin zombies (Ossuary)
  2 kobold zombies (Ossuary)
  5 quokka zombies (Ossuary)
  8 rats
  4 rat zombies (Ossuary)
  3 butterflies (D:7)
291 creatures vanquished.

Vanquished Creatures (collateral kills)
  9 foxfires (D:1)
9 creatures vanquished.

Vanquished Creatures (others)
  1112 foxfires
  2 fungi (D:1)
  8 plants
1122 creatures vanquished.

Grand Total: 1422 creatures vanquished

Notes
Turn   | Place    | Note
-------+----------+-------------------------------------------
     0 | D:1      | acebull12 the Djinni Fire Elementalist began the quest for
                  | the Orb.
     0 | D:1      | Reached XP level 1. HP: 15/15 MP: 0/0
   435 | D:1      | Reached XP level 2. HP: 15/21 MP: 0/0
  1495 | D:1      | Reached XP level 3. HP: 22/26 MP: 0/0
  1495 | D:1      | Learned a level 1 spell: Pain
  1583 | D:1      | Reached skill level 3 in Spellcasting
  1714 | D:1      | Found a faded altar of an unknown god.
  1722 | D:1      | Prayed at the altar of an unknown god.
  1722 | D:1      | Became a worshipper of Dithmenos the Shadowed
  1722 | D:1      | Reached * piety under Dithmenos
  2441 | D:2      | Reached XP level 4. HP: 7/31 MP: 0/0
  2455 | D:2      | Reached skill level 1 in Fighting
  3461 | D:3      | Found Laycwam's Book Shoppe.
  3683 | D:3      | Reached XP level 5. HP: 30/37 MP: 0/0
  3683 | D:3      | Learned a level 2 spell: Ensorcelled Hibernation
  3890 | D:3      | Found a white marble altar of Elyvilon.
  3962 | D:3      | Reached ** piety under Dithmenos
  4466 | D:3      | Found Lioj's General Store.
  4582 | D:3      | Found Muum's Book Emporium.
  4664 | D:4      | Reached skill level 4 in Spellcasting
  5256 | D:4      | Reached XP level 6. HP: 6/43 MP: 0/0
  5885 | D:4      | Noticed Menkaure
  5890 | D:4      | Killed Menkaure
  5891 | D:4      | Reached skill level 5 in Spellcasting
  5891 | D:4      | Reached XP level 7. HP: 44/49 MP: 0/0
  5891 | D:4      | Learned a level 3 spell: Swiftness
  6748 | D:5      | Entered Level 5 of the Dungeon
  6823 | D:5      | Found a transporter.
  6975 | D:5      | Found a transporter.
  7206 | D:5      | Reached XP level 8. HP: 53/57 MP: 0/0
  7682 | D:5      | Reached skill level 6 in Spellcasting
  9240 | D:7      | Reached skill level 7 in Spellcasting
  9240 | D:7      | Reached XP level 9. HP: 56/63 MP: 0/0
  9240 | D:7      | Learned a level 4 spell: Olgreb's Toxic Radiance
  9247 | D:7      | Noticed Joseph
  9258 | D:7      | Killed Joseph
  9259 | D:7      | Reached skill level 1 in Maces & Flails
  9299 | D:7      | Reached skill level 5 in Fighting
  9423 | D:7      | Found a staircase to the Ecumenical Temple.
  9708 | D:7      | Reached *** piety under Dithmenos
  9709 | D:7      | Reached skill level 8 in Spellcasting
  9889 | D:7      | Noticed Dowan
  9890 | D:7      | Noticed Duvessa
  9898 | D:7      | Killed Duvessa
  9906 | D:7      | Killed Dowan
 10040 | D:7      | Found a runed translucent door.
 10060 | D:7      | Found a runed translucent door.
 10081 | D:7      | Reached XP level 10. HP: 54/71 MP: 0/0
 10543 | D:8      | Identified 2 scrolls of acquirement
 10543 | D:8      | Acquired an amulet of reflection
 10565 | D:8      | Acquired a manual of Maces & Flails
 10604 | D:8      | Reached skill level 9 in Spellcasting
 10685 | D:8      | Identified the +9 trident of Experimentation {vorpal,
                  | Int+2}
 10848 | D:8      | Found a sand-covered staircase.
 10852 | Ossuary  | Entered an ossuary
 10907 | Ossuary  | Reached **** piety under Dithmenos
 12262 | D:8      | Reached skill level 5 in Dodging
 12418 | D:9      | Reached skill level 1 in Polearms
 12427 | D:9      | Reached skill level 1 in Shields
 12446 | D:8      | Reached XP level 11. HP: 27/79 MP: 0/0
 12446 | D:8      | Learned a level 5 spell: Summon Mana Viper
 12846 | D:9      | Found a staircase to the Orcish Mines.
 12853 | D:9      | Noticed Psyche
 12861 | D:9      | Killed Psyche
 13018 | D:9      | Reached skill level 10 in Spellcasting
 13505 | D:9      | Found a staircase to the Lair.
 13649 | D:10     | Entered Level 10 of the Dungeon
 13650 | D:10     | Found Janiczi's Gadget Gallery.
 13894 | D:10     | Identified the +0 pair of boots "Wiatz" {rElec rC+ Int+3}
 14503 | D:11     | Noticed Snorg
 14519 | D:11     | Killed Snorg
 14519 | D:11     | Reached ***** piety under Dithmenos
 14975 | D:11     | Found a runed translucent door.
 14975 | D:11     | Noticed robertstho's ghost (journeyman MiBe)
 14978 | D:11     | Noticed a cyclops
 14986 | D:11     | Found Feloawi's General Store.
 15322 | D:11     | Reached XP level 12. HP: 73/88 MP: 0/0
 15813 | D:11     | Reached skill level 5 in Polearms
 15814 | D:11     | Reached skill level 1 in Armour
 15996 | D:11     | Noticed a two-headed ogre
 16007 | D:11     | Killed a two-headed ogre
 16519 | D:12     | Noticed a two-headed ogre
 16529 | D:12     | Killed a two-headed ogre
 16788 | D:12     | Reached skill level 11 in Spellcasting
 16899 | D:12     | Noticed a death knight
 16935 | D:12     | Slain by a phantasmal warrior

Illustrated notes

Levels and vault maps discovered:
D:1:      wander_arrival_lonely_grave, layout_loops_ring,
          dreamdust_ecumenical_altar_hidden_monk_grotto, serial_bayou_ford_a
D:2:      layout_loops_ring
D:3:      layout_rooms, mainiacjoe_overflow_boulevard, serial_shops,
          shop_fountains, nicolae_shop_waterfront, nicolae_shop_stone
D:4:      layout_layer_cave, grunt_ministairs_5, uniq_menkaure
D:5:      gammafunk_steamed_eel, layout_basic
D:6:      layout_loops_ring
D:7:      lemuel_insect_pit, layout_cave_pools,
          minmay_temple_entry_statues_fountains, uniq_duvessa, uniq_joseph
D:8:      layout_cave_pods, lightli_ossuary_entry_decrepit_ruins,
          grunt_decor_resistance, minmay_misc_feat_room
D:9:      layout_cave_pools, erik_lair_island, st_stairs_8, uniq_psyche
D:10:     layout_basic, nicolae_shop_gadgets
D:11:     layout_roguey [special_room_bee], serial_shops, kennysheep_mini_moat,
          ebering_ghost_inner_flame, uniq_snorg
D:12:     layout_irregular_city, hellmonk_guarded_unrand_lears

Skill      XL: |  1  2  3  4  5  6  7  8  9 10 11 12 |
---------------+-------------------------------------+-----
Spellcasting   | 3 4 5 7 8 9 10 11 | 11.0
Fighting       | 1 2 3 4 5 7 8 9 |  9.0
Dodging        | 3 4 5 6 |  6.5
Maces & Flails | 1 4 |  4.1
Polearms       | 1 4 5 |  5.6
Shields        | 1 2 3 |  3.4
Armour         | 2 |  2.7
Stealth        | |  1.6
Unarmed Combat | |  0.6

Action                   |  1- 3 |  4- 6 |  7- 9 | 10-12 || total
-------------------------+-------+-------+-------+-------++-------
Melee: Unarmed           |     8 |       |       |       ||     8
       Club              |       |     1 |       |       ||     1
       Flail             |       |     2 |    21 |    16 ||    39
       Trident           |       |       |       |   140 ||   140
 Cast: Foxfire           |   104 |   154 |   174 |   243 ||   675
       Pain              |     7 |     2 |     7 |     4 ||    20
       Ensorcelled Hiber |       |     1 |     3 |       ||     4
       Flame Wave        |       |       |     5 |    26 ||    31
       Olgreb's Toxic Ra |       |       |     2 |     6 ||     8
       Swiftness         |       |       |     1 |       ||     1
  Use: Scroll            |       |       |     6 |    11 ||    17
       Potion            |       |       |       |     3 ||     3
 Stab: Sleeping          |       |     1 |     1 |     1 ||     3
Armor: Robe              |     5 |     4 |     9 |       ||    18
       Steam dragon scal |       |       |     2 |    79 ||    81
Dodge: Dodged            |     9 |    14 |    53 |   192 ||   268
Block: Other             |       |       |       |    59 ||    59
       Reflection        |       |       |       |     2 ||     2

Table legend: (Time is in decaauts)
 A = Elapsed time spent in this place.
 B = Non-inter-level travel time spent in this place.
 C = Inter-level travel time spent in this place.
 D = Time resting spent in this place.
 E = Time spent auto-exploring this place.
 F = Levels seen in this place.
 G = Mean time per level.
                   A        B        C        D        E       F      G
               +--------+--------+--------+--------+--------+-----+--------+
         Total |  16980 |  16220 |    760 |   3708 |  10330 |  13 | 1306.2 |
       Dungeon |  16678 |  15918 |    760 |   3673 |  10184 |  12 | 1389.8 |
       Ossuary |    302 |    302 |      0 |     35 |    146 |   1 |  302.0 |
               +--------+--------+--------+--------+--------+-----+--------+

Top non-repeatable levels by time:
     D:4: 2068 daAuts
     D:1: 1902 daAuts
     D:8: 1798 daAuts
    D:11: 1756 daAuts
     D:2: 1727 daAuts
     D:7: 1343 daAuts
     D:6: 1252 daAuts
     D:5: 1218 daAuts
     D:3: 1072 daAuts
    D:10: 1062 daAuts
     D:9: 996 daAuts
    D:12: 478 daAuts
 Ossuary: 302 daAuts
